 Dungeon Crawl Stone Soup version 0.18-a0-801-gb01a236 (webtiles) character file.

194 JokEr the Sneak (level 5, -2/37 HPs)
             Began as an Octopode Fighter on Dec 14, 2015.
             Slain by JokEr's ghost (9 damage)
             ... on level 3 of the Dungeon.
             The game lasted 00:06:12 (2736 turns).

JokEr the Sneak (Octopode Fighter)                  Turns: 2736, Time: 00:06:13

Health: -2/37      AC:  1    Str: 15    XL:     5   Next: 73%
Magic:  5/5        EV: 16    Int: 12    God:
Gold:   128        SH:  8    Dex: 11    Spells: 0 memorised, 4 levels left

rFire  . . .     SeeInvis .     a - +0 war axe
rCold  . . .     Clarity  .     b - +0 shield
rNeg   . . .     SustAt   .     (helmet restricted)
rPois  .         Gourm    .     (no amulet)
rElec  .         Spirit   .     g - +6 ring of evasion
rCorr  .         Dismiss  .     (no ring)
rMut   .         Stasis   .     (no ring)
MR     .....                    (no ring)
Stlth  ++++......               (no ring)
                                (no ring)
                                (no ring)
                                (no ring)

@: not resistant to hostile enchantments, stealthy
A: almost no armour, amphibious, 8 rings, constrict 8, camouflage 1, gelatinous
body 1
a: no special abilities


You were on level 3 of the Dungeon.
You were not hungry.

You visited 1 branch of the dungeon, and saw 3 of its levels.

You collected 128 gold pieces.

Inventory:

Hand Weapons
 a - a +0 war axe (weapon)
Armour
 b - a +0 shield (worn)
Jewellery
 g - a +6 ring of evasion (left tentacle)
 h - an uncursed ring of fire {unknown}
 l - an uncursed amulet of harm {unknown}
Scrolls
 e - a scroll of remove curse {unknown}
 m - 2 scrolls of blinking {unknown}
 o - 3 scrolls of identify
 u - a scroll of amnesia {unknown}
Potions
 c - 3 potions of might
 f - a potion of invisibility {unknown}
 i - 2 potions of heal wounds {unknown}
 k - a potion of haste {unknown}
 p - a potion of magic {unknown}
 q - a potion of cancellation {unknown}
 r - a potion of lignification {unknown}
 s - a potion of curing {unknown}
Books
 n - a book of Envenomations

   Spells                             Type                      Level
   a - Spider Form                    Transmutation/Poison         3
   b - Alistair's Intoxication        Transmutation/Poison         4
   c - Olgreb's Toxic Radiance        Poison                       4
   d - Poisonous Cloud                Conjuration/Poison/Air       6
Comestibles
 d - 3 bread rations
 j - 2 meat rations
 t - a royal jelly
 v - a slice of pizza


   Skills:
 + Level 4.1 Fighting
 + Level 3.6 Axes
 - Level 3.0 Dodging
 + Level 4.7 Stealth
 - Level 3.0 Shields


You had 4 spell levels left.
You didn't know any spells.

Dungeon Overview and Level Annotations

Branches:
Dungeon (3/15)

Altars:

Annotations:
D:3 JokEr's ghost, amateur HESk


Innate Abilities, Weirdness & Mutations

You cannot wear most types of armour.
You are amphibious.
You can wear up to eight rings at the same time.
You can use your tentacles to constrict eight enemies at once.
Your skin changes colour to match your surroundings (Stealth).
Your rubbery body absorbs attacks (AC +1).


Message History

JokEr's ghost is severely damaged.
You block JokEr's ghost's attack. JokEr's ghost hits you!
You hit JokEr's ghost.
JokEr's ghost is severely damaged.
You block JokEr's ghost's attack.
You closely miss JokEr's ghost.
JokEr's ghost is severely damaged.
JokEr's ghost closely misses you.
You slash JokEr's ghost!
JokEr's ghost is almost destroyed.
JokEr's ghost misses you. You block JokEr's ghost's attack.
You barely miss JokEr's ghost.
JokEr's ghost is almost destroyed.
JokEr's ghost misses you.
You hit JokEr's ghost but do no damage.
JokEr's ghost is almost destroyed.
JokEr's ghost hits you!
* * * LOW HITPOINT WARNING * * *
JokEr's ghost hits you!
You die...

#...## #.....# #.#..# #.....#
#....# #.....# ####.# #######
#.....# ..##.###.....# #...(.#
#.##.........###.###†###
#.##.............# #.#
#.##...W#.).#### #.#
########.##...#@#..# #.#
##..............#...########.##
.....####.###............)..†(#
...........##.......########.##
................#.#.# ###
#...#####..######...#
.........(.# ###.# ##########.#
#.### # #.#### #...#


You could see JokEr's ghost.

Vanquished Creatures
  Natasha (thrice) (D:2)
  4 gnolls (D:2)
  6 adders
  An ooze (D:1)
  2 ball pythons (D:1)
  15 bats
  4 giant cockroaches
  4 goblins
  6 hobgoblins
  3 jackals (D:3)
  2 giant geckos (D:3)
  4 giant newts
  8 kobolds
  2 quokkas (D:2)
  9 rats
73 creatures vanquished.

Notes
Turn   | Place    | Note
--------------------------------------------------------------
     0 | D:1      | JokEr the Octopode Fighter began the quest for the Orb.
     0 | D:1      | Reached XP level 1. HP: 16/16 MP: 1/1
   293 | D:1      | Reached skill level 1 in Stealth
   318 | D:1      | Reached XP level 2. HP: 21/21 MP: 2/2
   729 | D:1      | Reached XP level 3. HP: 26/26 MP: 3/3
   979 | D:2      | Noticed Natasha
   997 | D:2      | Killed Natasha
  1124 | D:2      | Reached XP level 4. HP: 31/31 MP: 4/4
  1125 | D:2      | Noticed Natasha
  1129 | D:2      | Killed Natasha
  1418 | D:2      | Reached skill level 4 in Stealth
  1418 | D:2      | Reached XP level 5. HP: 25/37 MP: 5/5
  1855 | D:2      | Noticed Natasha
  1858 | D:2      | Killed Natasha
  2384 | D:3      | Noticed JokEr's ghost (amateur HESk)
  2736 | D:3      | Slain by JokEr's ghost

Vault maps used:
D:1:      minmay_arrival_loop, serial_forest, infiniplex_forest_lined_2,
          infiniplex_forest_lined_room_, infiniplex_forest_straight_2,
          infiniplex_forest_lined_room_2, infiniplex_forest_lined_room_2,
          infiniplex_forest_clump_double
D:2:      first_bread, kennysheep_path_1, uniq_natasha
D:3:      st_stairs_14, kennysheep_generic_room_5

Action                   |  1- 3 |  4- 6 || total
-------------------------+-------+-------++-------
Melee: War axe           |    42 |    98 ||   140
  Use: Scroll            |     1 |       ||     1
 Stab: Sleeping          |     6 |    12 ||    18
       Distracted        |     1 |     1 ||     2
  Eat: Chunk             |     1 |     4 ||     5
       Bread ration      |       |     1 ||     1
